 Dungeon Crawl Stone Soup version 0.27-a0-1287-gca74d27db6 (webtiles) character file.

Game seed: 1355809564301069083

456 kyuss the Covert (level 7, -13/59 HPs)
             Began as a Gnoll Delver on June 14, 2021.
             Was an Initiate of Makhleb.
             Mangled by a wyvern (20 damage)
             ... on level 5 of the Dungeon.
             The game lasted 00:22:32 (4789 turns).

kyuss the Covert (Gnoll Delver)                     Turns: 4789, Time: 00:22:33

Health: -13/59     AC:  3    Str: 12    XL:     7   Next: 6%
Magic:  10/10      EV: 13    Int:  9    God:    Makhleb [......]
Gold:   120        SH:  0    Dex: 15    Spells: 10/10 levels left

rFire    . . .     SeeInvis .   a - +0 falchion
rCold    . . .     Faith    .   (no shield)
rNeg     . . .     Spirit   .   b - +0 leather armour
rPois    .         Reflect  .   (no helmet)
rElec    .         Harm     +   n - scarf {harm}
rCorr    .         Rampage  .   (no gloves)
Will     .....                  (no boots)
Stlth    ++++......             (no amulet)
HPRegen  0.19/turn              (no ring)
MPRegen  0.12/turn              (no ring)

@: no status effects
A: fangs 1, strong nose, distributed training
a: Renounce Religion


You were on level 5 of the Dungeon.
You worshipped Makhleb.
Makhleb was noncommittal.
You visited 2 branches of the dungeon, and saw 7 of its levels.

You collected 120 gold pieces.

Inventory:

Hand Weapons
 a - a +0 falchion (weapon)
Missiles
 o - 56 arrows
 q - 17 bolts
Armour
 b - a +0 leather armour (worn)
 n - a scarf of harm (worn)
 v - a +2 ring mail of fire resistance
Jewellery
 p - an amulet of guardian spirit
 r - a +4 ring of slaying
Wands
 g - a wand of digging (3)
Scrolls
 c - 2 scrolls of fog
 d - 2 scrolls of magic mapping
 e - a scroll of fear
 k - 2 scrolls of noise {unknown}
 l - a scroll of immolation {unknown}
 s - 2 scrolls of identify
 t - a scroll of blinking {unknown}
Potions
 f - a potion of haste
 h - a potion of brilliance {unknown}
 i - a potion of might {unknown}
 j - a potion of cancellation {unknown}
 m - a potion of curing
 u - a potion of mutation {unknown}


   Skills:
 + Level 6.9 Fighting
 + Level 2.2 Short Blades
 + Level 5.1 Long Blades
 + Level 2.2 Axes
 + Level 2.2 Maces & Flails
 + Level 2.2 Polearms
 + Level 2.2 Staves
 + Level 2.2 Slings
 + Level 2.2 Bows
 + Level 2.2 Crossbows
 + Level 2.2 Throwing
 + Level 2.2 Armour
 + Level 5.1 Dodging
 + Level 9.8 Stealth
 + Level 2.2 Shields
 + Level 2.2 Unarmed Combat
 + Level 2.2 Spellcasting
 + Level 1.8 Conjurations
 + Level 1.8 Hexes
 + Level 1.8 Summonings
 + Level 1.8 Necromancy
 + Level 1.8 Translocations
 + Level 1.8 Transmutations
 + Level 1.8 Fire Magic
 + Level 1.8 Ice Magic
 + Level 1.8 Air Magic
 + Level 1.8 Earth Magic
 + Level 1.8 Poison Magic
 + Level 2.5 Invocations
 + Level 2.2 Evocations


You had 10 spell levels left.
You didn't know any spells.
Your spell library contained the following spells:

 Spells                   Type           Power      Damage    Failure   Level
 Corona                   Hex            4%         N/A       21%         1
 Sting                    Tmut/Pois      16%        1d3       21%         1
 Poisonous Vapours        Pois/Air       8%         N/A       30%         2
 Slow                     Hex            4%         N/A       30%         2
 Ignite Poison            Fire/Tmut/Pois 4%         N/A       52%         3
 Inner Flame              Hex/Fire       4%         N/A       52%         3
 Mephitic Cloud           Conj/Pois/Air  4%         N/A       52%         3
 Portal Projectile        Hex/Tloc       8%         N/A       52%         3
 Cause Fear               Hex            2%         N/A       89%         4
 Leda's Liquefaction      Hex/Erth       2%         N/A       89%         4
 Olgreb's Toxic Radiance  Pois           4%         N/A       89%         4


Dungeon Overview and Level Annotations

Branches:
Dungeon (6/15)             Temple (1/1) D:5

Altars:
Ashenzari
Dithmenos
Fedhas
Gozag
Hepliaklqana
Makhleb
Okawaru
Qazlal
Ru
Sif Muna
Vehumet
Xom
Yredelemnul
Zin
The Shining One

Shops:
D:3 :[!*(


Innate Abilities, Weirdness & Mutations

You have very sharp teeth.
Your uncanny sense of smell can sniff out nearby items.
Your experience applies equally to all skills.


Message History

A hound comes into view.
The wyvern hisses angrily.
The wyvern bites you!! The wyvern bites you.
You hit the wyvern.
The wyvern is lightly wounded.
The wyvern completely misses you.
You closely miss the wyvern. You bite the wyvern, but do no damage.
The wyvern closely misses you. x2
You hit the wyvern.
The wyvern is lightly wounded.
The wyvern bites you.
The wyvern bites you but does no damage.
You completely miss the wyvern.
The wyvern is lightly wounded.
The wyvern closely misses you.
You hit the wyvern.
The wyvern is moderately wounded.
The wyvern completely misses you. The wyvern misses you.
You hit the wyvern.
The wyvern is heavily wounded.
The wyvern barely misses you.
You riposte.
You hit the wyvern.
The wyvern is heavily wounded.
You completely miss the wyvern.
The wyvern is heavily wounded.
The wyvern bites you but does no damage.
The wyvern bites you.
You hit the wyvern.
The wyvern is severely wounded.
The wyvern bites you.
The hound stops to sniff the ground.
The wyvern bites you!
* * * LOW HITPOINT WARNING * * *
You closely miss the wyvern.
The wyvern is severely wounded.
The wyvern misses you.
You hit the wyvern but do no damage.
The wyvern is severely wounded.
The wyvern bites you!
You die...

#..#..#####..<.........#
..#............#.#######
.#.....###.......#
#..##......##..###
#..##..######..#
.#.............#
..#...#######.## #..#..#
#.##### #...#.# #.hl@.#
.....## #..##.#
######### #..# .#
......[.h....#
#####.#######..#..#
...∆..# ...#..# #.....#
..... ... .....## ##...#
#### #.#..# ##.##


You could see a wyvern and a hound.

Vanquished Creatures
  2 necrophages (D:5)
  A scorpion (D:5)
  A centaur zombie (D:5)
  2 hounds
  Natasha (D:2)
  3 adders
  An adder skeleton (D:5)
  3 worms
  2 dart slugs (D:3)
  An orc (D:3)
  5 ball pythons
  4 bats
  5 endoplasms
  A giant cockroach (D:3)
  7 goblins
  10 hobgoblins
  6 kobolds
  4 quokkas
  3 frilled lizards
  11 rats
73 creatures vanquished.

Notes
Turn   | Place    | Note
-------+----------+-------------------------------------------
     0 | D:5      | Reached skill level 9 in Stealth
     0 | D:5      | kyuss the Gnoll Delver began the quest for the Orb.
     0 | D:5      | Reached XP level 1. HP: 23/23 MP: 1/1
    92 | D:5      | Noticed a hound
   145 | D:5      | Noticed a necrophage
   250 | D:3      | Found Atyuriyd's General Store.
   319 | D:3      | Found Ekeed's Distillery.
   455 | D:3      | Reached XP level 2. HP: 12/29 MP: 2/2
   701 | D:2      | Found a faded altar of an unknown god.
   730 | D:2      | Reached XP level 3. HP: 35/35 MP: 3/3
   987 | D:1      | Reached skill level 1 in Invocations
  1314 | D:1      | Reached skill level 1 in Short Blades
  1314 | D:1      | Reached skill level 1 in Axes
  1314 | D:1      | Reached skill level 1 in Maces & Flails
  1314 | D:1      | Reached skill level 1 in Polearms
  1314 | D:1      | Reached skill level 1 in Staves
  1314 | D:1      | Reached skill level 1 in Slings
  1314 | D:1      | Reached skill level 1 in Bows
  1314 | D:1      | Reached skill level 1 in Crossbows
  1314 | D:1      | Reached skill level 1 in Throwing
  1314 | D:1      | Reached skill level 1 in Armour
  1314 | D:1      | Reached skill level 1 in Shields
  1314 | D:1      | Reached skill level 1 in Unarmed Combat
  1314 | D:1      | Reached skill level 1 in Spellcasting
  1314 | D:1      | Reached skill level 1 in Evocations
  1582 | D:2      | Reached XP level 4. HP: 41/41 MP: 5/5
  1822 | D:2      | Noticed Natasha
  2203 | D:2      | Killed Natasha
  2204 | D:2      | Reached skill level 1 in Conjurations
  2204 | D:2      | Reached skill level 1 in Hexes
  2204 | D:2      | Reached skill level 1 in Summonings
  2204 | D:2      | Reached skill level 1 in Necromancy
  2204 | D:2      | Reached skill level 1 in Translocations
  2204 | D:2      | Reached skill level 1 in Transmutations
  2204 | D:2      | Reached skill level 1 in Fire Magic
  2204 | D:2      | Reached skill level 1 in Ice Magic
  2204 | D:2      | Reached skill level 1 in Air Magic
  2204 | D:2      | Reached skill level 1 in Earth Magic
  2204 | D:2      | Reached skill level 1 in Poison Magic
  2711 | D:3      | Found Pausepp's Armour Boutique.
  2803 | D:3      | Reached XP level 5. HP: 46/47 MP: 6/6
  3021 | D:3      | Found Teenail's Book Shop.
  3236 | D:3      | Found Sarus's Antique Weapon Boutique.
  3877 | D:5      | Noticed a wyvern
  4120 | D:5      | Found a staircase to the Ecumenical Temple.
  4169 | D:5      | Noticed a necrophage
  4179 | D:5      | Killed a necrophage
  4180 | D:5      | Reached skill level 5 in Long Blades
  4180 | D:5      | Reached skill level 5 in Dodging
  4180 | D:5      | Reached XP level 6. HP: 26/53 MP: 7/9
  4246 | Temple   | Entered the Ecumenical Temple
  4544 | Temple   | Became a worshipper of Makhleb the Destroyer
  4571 | D:5      | Killed a necrophage
  4572 | D:5      | Reached XP level 7. HP: 46/59 MP: 10/10
  4789 | D:5      | Mangled by a wyvern

Illustrated notes

Levels and vault maps discovered:
D:1:      dpeg_arrival_ratfight, layout_rooms, minmay_misc_feat_secret_circle,
          st_stairs_7
D:2:      layout_loops_corners, basic_ecumenical_altar, uniq_natasha
D:3:      minmay_skewed_foursquare, layout_loops_ring, serial_shops,
          nicolae_shop_competitors_out_of_business, shop,
          nicolae_shop_statue_plus, shop, nicolae_shop_crystal
D:4:      layout_gridville
D:5:      layout_loops_corners, minmay_temple_entry_antechambers, minivault_26
D:6:      minmay_general_purpose_star, layout_rooms, amcnicky_altar_gilded,
          chequers_temple_overflow_minitemple, chequers_serial_rivers_small_a
Temple:   minmay_freezing_vapour_temple

Skill      XL: |  1  2  3  4  5 |
---------------+----------------+-----
Stealth        | |  9.8
Invocations    | 1 2 |  2.5
Short Blades   | 1 2 |  2.2
Axes           | 1 2 |  2.2
Maces & Flails | 1 2 |  2.2
Polearms       | 1 2 |  2.2
Staves         | 1 2 |  2.2
Slings         | 1 2 |  2.2
Bows           | 1 2 |  2.2
Crossbows      | 1 2 |  2.2
Throwing       | 1 2 |  2.2
Armour         | 1 2 |  2.2
Shields        | 1 2 |  2.2
Unarmed Combat | 1 2 |  2.2
Spellcasting   | 1 2 |  2.2
Evocations     | 1 2 |  2.2
Conjurations   | 1 |  1.8
Hexes          | 1 |  1.8
Summonings     | 1 |  1.8
Necromancy     | 1 |  1.8
Translocations | 1 |  1.8
Transmutations | 1 |  1.8
Fire Magic     | 1 |  1.8
Ice Magic      | 1 |  1.8
Air Magic      | 1 |  1.8
Earth Magic    | 1 |  1.8
Poison Magic   | 1 |  1.8
Long Blades    | 5 |  5.1
Dodging        | 5 |  5.1
Fighting       | |  6.9

Action                   |  1- 3 |  4- 6 |  7- 9 || total
-------------------------+-------+-------+-------++-------
Melee: Falchion          |   104 |   130 |    11 ||   245
       Bite              |     4 |    15 |     1 ||    20
       Punch             |       |     1 |       ||     1
  Use: Scroll            |       |     1 |       ||     1
       Potion            |       |     3 |       ||     3
 Stab: Sleeping          |    13 |    14 |     1 ||    28
       Distracted        |       |     1 |       ||     1
Armor: Chain mail        |    17 |       |       ||    17
       Leather armour    |    14 |    24 |     2 ||    40
Dodge: Dodged            |    48 |    69 |     8 ||   125
       Rpst.: Falchion   |    12 |    21 |     1 ||    34

Table legend: (Time is in decaauts)
 A = Elapsed time spent in this place.
 B = Non-inter-level travel time spent in this place.
 C = Inter-level travel time spent in this place.
 D = Time resting spent in this place.
 E = Time spent auto-exploring this place.
 F = Levels seen in this place.
 G = Mean time per level.
                   A        B        C        D        E       F      G
               +--------+--------+--------+--------+--------+-----+--------+
         Total |   4810 |   4790 |     20 |    851 |   2513 |   7 |  687.1 |
       Dungeon |   4503 |   4483 |     20 |    635 |   2513 |   6 |  750.5 |
        Temple |    306 |    306 |      0 |    216 |      0 |   1 |  306.0 |
               +--------+--------+--------+--------+--------+-----+--------+

Top non-repeatable levels by time:
     D:3: 1456 daAuts
     D:2: 1216 daAuts
     D:5: 933 daAuts
     D:1: 740 daAuts
  Temple: 306 daAuts
     D:4: 155 daAuts
     D:6: 1 daAuts
